 Dungeon Crawl Stone Soup version 0.30-a0-368-g86fb4627a9 (webtiles) character file.

Game seed: 2726389444210425352

38 JOEMAMA2 the Shield-Bearer (level 3, 0/33 HPs)
             Began as a Minotaur Fighter on Nov 19, 2022.
             Slain by a gnoll
             ... wielding a +0 whip
              (1 damage)
             ... on level 2 of the Dungeon.
             The game lasted 00:01:19 (670 turns).

JOEMAMA2 the Shield-Bearer (Minotaur Fighter)        Turns: 670, Time: 00:01:19

Health: 0/33       AC:  7    Str: 22    XL:     3   Next: 25%
Magic:  2/2        EV:  9    Int:  5    God:
Gold:   61         SH:  4    Dex:  9    Spells: 2/2 levels left

rFire   . . .      SeeInvis .    a - +0 long sword
rCold   . . .      Faith    .    c - +0 buckler
rNeg    . . .      Spirit   .    b - +0 scale mail
rPois   .          Reflect  .    (helmet restricted)
rElec   .          Harm     .    (no cloak)
rCorr   .          Rampage  .    (no gloves)
Will    .....                    (no boots)
Stlth   ..........               (no amulet)
HPRegen 0.25/turn                (no ring)
MPRegen 0.08/turn                (no ring)

@: mighty
A: horns 2, retaliatory headbutt
a: no special abilities


You were on level 2 of the Dungeon.
You visited 1 branch of the dungeon, and saw 2 of its levels.

You collected 61 gold pieces.

Inventory:

Hand Weapons
 a - a +0 long sword (weapon)
Armour
 b - a +0 scale mail (worn)
 c - a +0 buckler (worn)
Scrolls
 e - 2 scrolls of amnesia {unknown}
 f - a scroll of immolation {unknown}
 g - a scroll of butterflies {unknown}


   Skills:
 + Level 4.0 Fighting
 + Level 2.9 Long Blades
 + Level 4.0 Armour
 + Level 0.1 Dodging
 + Level 4.3 Shields


You had 2 spell levels left.
You didn't know any spells.
Your spell library contained the following spells:

 Spells                   Type           Power      Damage    Failure   Level
 Tukima's Dance           Hex            0%         N/A       99%         3
 Passage of Golubria      Tloc           0%         N/A       100%        4
 Yara's Violent Unravell  Hex/Tmut       0%         3d3       100%        5


Dungeon Overview and Level Annotations

Branches:
Dungeon (2/15)

Altars:


Innate Abilities, Weirdness & Mutations

You have a pair of horns on your head.
You reflexively headbutt those who attack you in melee.


Message History

The gnoll is lightly wounded.
The gnoll hits you from afar with a +0 spear.
The gnoll completely misses you. The gnoll hits you with a +0 whip.
The gnoll closely misses you. You furiously retaliate!
You headbutt the gnoll. You barely miss the gnoll.
The gnoll is heavily wounded.
You block the gnoll's attack. The gnoll hits you with a +0 whip.
You slash the gnoll!
You kill the gnoll!
The gnoll closely misses you. You furiously retaliate!
You headbutt the gnoll. The gnoll completely misses you.
Your Armour skill increases to level 4!
The gnoll attacks as you move away! The gnoll hits you but does no damage.
The gnoll barely misses you. You furiously retaliate!
You headbutt the gnoll.
Things that are here:
a +0 spear; a gnoll corpse The gnoll attacks as you move away!
The gnoll barely misses you. The gnoll hits you but does no damage.
The gnoll attacks as you move away! The gnoll hits you with a +0 club!
The gnoll attacks as you move away! The gnoll closely misses you.
The gnoll attacks as you move away! The gnoll hits you but does no damage.
The gnoll attacks as you move away! The gnoll hits you with a +0 whip!
* * * LOW HITPOINT WARNING * * *
The gnoll attacks as you move away! You block the gnoll's attack.
The gnoll attacks as you move away! The gnoll closely misses you.
The gnoll attacks as you move away! The gnoll hits you with a +0 club.
* * * LOW HITPOINT WARNING * * *
Things that are here:
a +0 club; a goblin corpse You hit the gnoll.
The gnoll is heavily wounded.
The gnoll hits you with a +0 club.
* * * LOW HITPOINT WARNING * * *
The gnoll completely misses you. The gnoll hits you with a +0 whip.
* * * LOW HITPOINT WARNING * * *
The gnoll barely misses you. You furiously retaliate!
You headbutt the gnoll.
You feel very mighty all of a sudden. The gnoll hits you with a +0 whip.
You die...

.............#..........
................).......
#.......................
+..................#....
#.............##...##+#.
.....##...............#.
...................
..........†gg.....#
...........@....#..
..............##.
.....#.........
.....#.........
....##......... ....
#......... ...
...##..... .... .....
...## .....


You could see 2 gnolls.

Vanquished Creatures
  A gnoll (D:2)
  A dart slug (D:1)
  3 ball pythons
  5 bats (D:1)
  3 endoplasms
  A giant cockroach (D:1)
  2 goblins
  2 hobgoblins (D:1)
  A kobold (D:1)
  2 quokkas (D:1)
  2 rats (D:1)
23 creatures vanquished.

Notes
Turn   | Place    | Note
-------+----------+-------------------------------------------
     0 | D:1      | JOEMAMA2 the Minotaur Fighter began the quest for the Orb.
     0 | D:1      | Reached XP level 1. HP: 19/19 MP: 0/0
    50 | D:1      | Found a faded altar of an unknown god.
    97 | D:1      | Reached XP level 2. HP: 27/27 MP: 1/1
   649 | D:2      | Reached XP level 3. HP: 23/33 MP: 2/2
   669 | D:2      | HP: 1/33 [gnoll/+0 whip (3)]
   670 | D:2      | Slain by a gnoll

Illustrated notes

Levels and vault maps discovered:
D:1:      scummos_arrival_gate, layout_rooms, dreamdust_ecumenical_altar_statues
D:2:      minmay_evil_eye, layout_basic

Skill      XL: |  1  2  3 |
---------------+----------+-----
Shields        | 4 |  4.3
Fighting       | 4 |  4.0
Armour         | 4 |  4.0
Long Blades    | |  2.9
Dodging        | |  0.1

Action                   || total
-------------------------++-------
Melee: Long sword        ||    62
       Headbutt          ||     6
  Use: Potion            ||     1
Armor: Scale mail        ||    55
Dodge: Dodged            ||    46
Block: Buckler           ||    35

Table legend: (Time is in decaauts)
 A = Elapsed time spent in this place.
 B = Non-inter-level travel time spent in this place.
 C = Inter-level travel time spent in this place.
 D = Time resting spent in this place.
 E = Time spent auto-exploring this place.
 F = Levels seen in this place.
 G = Mean time per level.
                   A        B        C        D        E       F      G
               +--------+--------+--------+--------+--------+-----+--------+
         Total |    689 |    668 |     21 |      0 |    427 |   2 |  344.5 |
       Dungeon |    689 |    668 |     21 |      0 |    427 |   2 |  344.5 |
               +--------+--------+--------+--------+--------+-----+--------+

Top non-repeatable levels by time:
     D:1: 563 daAuts
     D:2: 125 daAuts
